 Dungeon Crawl Stone Soup version 0.30-a0-339-g89bb51ec76 (webtiles) character file.

Game seed: 9177749985337770546

55 Muataran the Chopper (level 3, -4/34 HPs)
             Began as a Hill Orc Monk on Oct 31, 2022.
             Killed by nerve-wracking pain
             ... invoked by an orc priest
              (8 damage)
             ... on level 3 of the Dungeon.
             The game lasted 00:02:36 (1763 turns).

Muataran the Chopper (Hill Orc Monk)                Turns: 1763, Time: 00:02:36

Health: -4/34      AC:  8    Str: 15    XL:     3   Next: 93%
Magic:  3/3        EV:  6    Int: 10    God:
Gold:   142        SH:  0    Dex: 13    Spells: 2/2 levels left

rFire   . . .      SeeInvis .    a - +0 hand axe
rCold   . . .      Faith    .    (no shield)
rNeg    . . .      Spirit   .    i - +0 chain mail
rPois   .          Reflect  .    (no helmet)
rElec   .          Harm     .    (no cloak)
rCorr   .          Rampage  .    (no gloves)
Will    .....                    (no boots)
Stlth   ..........               (no amulet)
HPRegen 0.25/turn                (no ring)
MPRegen 0.08/turn                (no ring)

@: no status effects
A: no striking features
a: Convert to Beogh


You were on level 3 of the Dungeon.
You visited 1 branch of the dungeon, and saw 3 of its levels.

You collected 142 gold pieces.

Inventory:

Hand Weapons
 a - a +0 hand axe (weapon)
Armour
 i - a +0 chain mail (worn)
Scrolls
 b - 2 scrolls of teleportation {unknown}
 d - 3 scrolls of identify {unknown}
 h - a scroll of fear {unknown}
 k - a scroll of enchant armour {unknown}
 m - a scroll of butterflies {unknown}
 n - a scroll of noise {unknown}
 o - a scroll of brand weapon {unknown}
Potions
 c - a potion of ambrosia
 e - a potion of heal wounds {unknown}
 f - 2 potions of resistance {unknown}
 g - a potion of curing {unknown}
 j - a potion of magic {unknown}
 l - a potion of haste {unknown}


   Skills:
 + Level 4.3 Fighting
 * Level 5.6 Axes
 - Level 2.4 Dodging
 - Level 1.5 Stealth


You had 2 spell levels left.
You didn't know any spells.
Your spell library contained the following spells:

 Spells                   Type           Power      Damage    Failure   Level
 Foxfire                  Conj/Fire      0%         2x1d4     100%        1
 Fireball                 Conj/Fire      0%         3d3       100%        5
 Starburst                Conj/Fire      0%         6d3       100%        6


Dungeon Overview and Level Annotations

Branches:
Dungeon (3/15)

Altars:


Message History

You closely miss the orc.
The orc is moderately wounded.
You hit the giant cockroach.
The giant cockroach bites you but does no damage.
The orc hits you but does no damage.
The giant cockroach bites you but does no damage.
You hit the orc.
The orc is severely wounded.
You barely miss the giant cockroach. The orc hits you but does no damage.
The orc priest looks braver for a moment.
The giant cockroach bites you but does no damage.
You closely miss the orc.
The orc is severely wounded.
The orc hits you with a +0 dagger.
You closely miss the orc.
The orc is severely wounded.
A rat comes into view.
The orc hits you but does no damage.
You hit the orc.
You kill the orc!
The bat hits you but does no damage. x2
You barely miss the bat. The bat barely misses you.
You closely miss the bat. The bat hits you but does no damage.
You hit the bat.
You kill the bat!
You barely miss the orc priest.
The orc priest hits you with a +0 dagger.
You hit the orc priest.
The orc priest is lightly wounded.
The orc priest looks encouraged for a moment.
You hit the orc priest.
The orc priest is lightly wounded.
The orc priest invokes the aid of Beogh against you.
Beogh smites you!
* * * LOW HITPOINT WARNING * * *
You hit the orc priest.
The orc priest is heavily wounded.
The orc priest invokes the aid of Beogh against you.
Pain shoots through your body!
You die...

#..####... #...#.K... ## #..
.....# #.##.##.....#
#..#.#....... #K..........
#####.#...#..#
###..@oBS......#
###########....####.........
#......##...#.## #..#....##
#.........##..# ##........
#......#####.## ###......
#.>....#####.# .o.##.
#...<........# ###
#........###.. #####....#
...


You could see an orc priest, a giant cockroach and a ball python.

Vanquished Creatures
  An adder (D:2)
  A worm (D:2)
  An orc (D:3)
  3 ball pythons (D:2)
  4 endoplasms (D:1)
  5 hobgoblins
  3 jackals (D:2)
  3 quokkas
  6 bats
  2 frilled lizards (D:1)
  5 goblins (D:1)
  2 kobolds
  2 rats (D:1)
38 creatures vanquished.

Notes
Turn   | Place    | Note
-------+----------+-------------------------------------------
     0 | D:1      | Muataran the Hill Orc Monk began the quest for the Orb.
     0 | D:1      | Reached XP level 1. HP: 19/19 MP: 1/1
   128 | D:1      | Reached XP level 2. HP: 23/27 MP: 2/2
   701 | D:1      | Reached skill level 5 in Axes
   702 | D:1      | Reached XP level 3. HP: 28/33 MP: 3/3
  1236 | D:2      | Found a faded altar of an unknown god.
  1763 | D:3      | Killed from afar by an orc priest

Illustrated notes

Levels and vault maps discovered:
D:1:      dpeg_arrival_morbid_curiosity, layout_loops_ring
D:2:      layout_loops_ring, dilly_ecumenical_altar_fadedgnrine,
          kennysheep_generic_room_13
D:3:      layout_rooms, nicolae_hepliaklqana_monster_ancestors, serial_glass,
          glass_columns_b, glass_columns_a

Skill      XL: |  1  2 |
---------------+-------+-----
Fighting       | 4 |  4.3
Axes           | 5 |  5.6
Dodging        | |  2.4
Stealth        | |  1.5

Action                   || total
-------------------------++-------
Melee: Hand axe          ||   139
       Punch             ||     1
 Stab: Sleeping          ||     2
Armor: Robe              ||     5
       Chain mail        ||    95
       Scale mail        ||     1
Dodge: Dodged            ||    65

Table legend: (Time is in decaauts)
 A = Elapsed time spent in this place.
 B = Non-inter-level travel time spent in this place.
 C = Inter-level travel time spent in this place.
 D = Time resting spent in this place.
 E = Time spent auto-exploring this place.
 F = Levels seen in this place.
 G = Mean time per level.
                   A        B        C        D        E       F      G
               +--------+--------+--------+--------+--------+-----+--------+
         Total |   1768 |   1671 |     97 |      0 |   1300 |   3 |  589.3 |
       Dungeon |   1768 |   1671 |     97 |      0 |   1300 |   3 |  589.3 |
               +--------+--------+--------+--------+--------+-----+--------+

Top non-repeatable levels by time:
     D:1: 900 daAuts
     D:2: 764 daAuts
     D:3: 103 daAuts
